 Dungeon Crawl Stone Soup version 0.29.1-1-gd02db6906a (webtiles) character file.

Game seed: 4987267531711902860

46 Acheron the Sneak (level 3, -2/18 HPs)
             Began as a Vine Stalker Brigand on Oct 2, 2022.
             Slain by an orc
             ... wielding a +1 whip of electrocution
              (11 damage)
             ... on level 3 of the Dungeon.
             The game lasted 00:07:59 (1783 turns).

Acheron the Sneak (Vine Stalker Brigand)            Turns: 1783, Time: 00:08:00

Health: -2/18      AC:  4    Str: 13    XL:     3   Next: 68%
Magic:  0/4        EV: 11    Int: 11    God:
Gold:   129        SH:  0    Dex: 17    Spells: 2/2 levels left

rFire   . . .      SeeInvis .   h - +0 short sword (speed)
rCold   . . .      Faith    .   (no shield)
rNeg    . . .      Spirit   +   f - +0 leather armour
rPois   .          Reflect  .   (no helmet)
rElec   .          Harm     .   c - +0 cloak
rCorr   .          Rampage  .   (no gloves)
Will    .....                   (no boots)
Stlth   +++.......              (no amulet)
HPRegen 0.06/turn               (no ring)
MPRegen 0.09/turn               (no ring)

@: no status effects
A: fangs 2, magic shield, antimagic bite, no potion heal 2
a: no special abilities


You were on level 3 of the Dungeon.
You visited 1 branch of the dungeon, and saw 4 of its levels.

You collected 129 gold pieces.

Inventory:

Hand Weapons
 a - a +2 dagger
 g - a +0 rapier
 h - a +0 short sword of speed (weapon)
 k - a +0 club
Missiles
 d - 20 poisoned darts (quivered)
 e - 3 curare-tipped darts
 i - 4 boomerangs
Armour
 b - a +0 robe
 c - a +0 cloak (worn)
 f - a +0 leather armour (worn)
Jewellery
 m - a ring of poison resistance
Potions
 j - a potion of cancellation {unknown}
 l - a potion of brilliance {unknown}
 p - a potion of curing


   Skills:
 * Level 2.0 Fighting
 * Level 2.0 Short Blades
 * Level 1.8 Throwing
 * Level 0.2 Armour
 * Level 1.1 Dodging
 * Level 6.0 Stealth


You had 2 spell levels left.
You didn't know any spells.
Your spell library was empty.

Dungeon Overview and Level Annotations

Branches:
Dungeon (4/15)
 Temple: D:4-7

Altars:

Annotations:
D:3 Jessica


Innate Abilities, Weirdness & Mutations

You have extremely sharp teeth.
When hurt, damage is shared between your health and your magic reserves.
Your bite disrupts and absorbs the magic of your enemies.
Potions cannot restore your health.


Message History

The orc closely misses you. The orc barely misses you.
You hit the orc but do no damage. The orc barely misses you.
You hit the orc. You bite the orc. You drain its power.
You feel invigorated.
The orc is severely wounded.
The orc hits you but does no damage. x2
You barely miss the orc. You bite the orc, but do no damage.
The orc is severely wounded.
The orc hits you but does no damage.
You hit the orc but do no damage. Your bite misses the orc.
The orc is severely wounded.
The orc hits you with a +0 short sword of speed.
You hit the orc but do no damage. You bite the orc, but do no damage.
The orc is severely wounded.
The orc hits you with a +0 short sword of speed. x2
You closely miss the orc. You bite the orc, but do no damage.
The orc is severely wounded.
The orc closely misses you.
You hit the orc but do no damage.
The orc is severely wounded.
The orc barely misses you.
You hit the orc. Your bite misses the orc.
The orc is almost dead.
The orc hits you with a +0 short sword of speed.
The orc misses you.
You hit the orc.
You kill the orc!
An orc priest comes into view. It is wielding a +0 club.
Things that are here:
a +0 short sword of speed; a +0 chain mail; an orc corpse
h - a +0 short sword of speed You now have 129 gold pieces (gained 6).
You start resting.
An orc comes into view.
It is wielding a +1 whip of electrocution.
Your hands tingle!
h - a +0 short sword of speed (weapon)
The orc shouts!
You hear an angry hiss.
You hear a shout!
The orc hits you with a +1 whip of electrocution.
You are electrocuted!
Ouch! That really hurt!
You die...

........#
#######.# ..#
#.# #.###.##
#.###.##...##
#.....[.....#
#####.##...##
##...##.#####
#.#..@o....S..S
##.#.##.#######
##.###+# ###


You could see an adder and an orc.

Vanquished Creatures
  An adder (D:2)
  A dart slug (D:2)
  An orc (D:3)
  6 ball pythons
  4 bats
  4 endoplasms
  A giant cockroach (D:1)
  4 goblins
  2 hobgoblins (D:1)
  4 frilled lizards
  4 kobolds
  A rat (D:1)
33 creatures vanquished.

Notes
Turn   | Place    | Note
-------+----------+-------------------------------------------
     0 | D:1      | Acheron the Vine Stalker Brigand began the quest for the
                  | Orb.
     0 | D:1      | Reached XP level 1. HP: 11/11 MP: 2/2
    56 | D:1      | Reached skill level 5 in Stealth
   158 | D:1      | Reached XP level 2. HP: 11/15 MP: 1/3
   470 | D:1      | Found a faded altar of an unknown god.
   861 | D:2      | Reached skill level 1 in Dodging
   877 | D:2      | Reached XP level 3. HP: 18/18 MP: 4/4
   942 | D:2      | You fall into a shaft and drop 1 floor!
   993 | D:3      | Noticed Jessica
  1676 | D:3      | Reached skill level 6 in Stealth
  1783 | D:3      | Slain by an orc

Illustrated notes

Levels and vault maps discovered:
D:1:      psy_arrival_wood_between_worlds, layout_rooms,
          nicolae_ecumenical_snake_handling, minmay_misc_feat_diagonals
D:2:      layout_loops_ring
D:3:      layout_loops_corners, worldfamousw_hep_ancestral_shrine,
          gammafunk_ghost_split, chequers_garden, guppyfry_early_lair_pool,
          uniq_jessica
D:4:      layout_gridville, mainiacjoe_overflow_boulevard,
          lemuel_coloured_pillars_altar, hangedman_decor_clover_reticule

Skill      XL: |  1  2  3 |
---------------+----------+-----
Stealth        | 5 6 |  6.0
Dodging        | 1 |  1.1
Short Blades   | 2 |  2.0
Fighting       | 2 |  2.0
Throwing       | |  1.8
Armour         | |  0.2

Action                   || total
-------------------------++-------
Melee: Dagger            ||    87
       Bite              ||    23
  Use: Scroll            ||     4
       Potion            ||     1
 Stab: Sleeping          ||     7
Armor: Robe              ||     6
       Leather armour    ||    12
Dodge: Dodged            ||    38
